 Dungeon Crawl Stone Soup version 0.30-a0-778-g2ef04afb54 (webtiles) character file.

Game seed: 17132001686996488995

2 Esekla the Sneak (level 1, 16/16 HPs)
             Began as an Octopode Delver on Feb 16, 2023.
             Quit the game on level 5 of the Dungeon.
             The game lasted 00:01:15 (57 turns).

Esekla the Sneak (Octopode Delver)                    Turns: 57, Time: 00:01:16

Health: 16/16      AC:  1    Str: 11    XL:     1   Next: 30%
Magic:  1/1        EV: 13    Int: 12    God:
Gold:   12         SH:  0    Dex: 13    Spells: 0/0 levels left

rFire   . . .      SeeInvis .    a - +0 falchion
rCold   . . .      Faith    .    (no shield)
rNeg    . . .      Spirit   .    (helmet restricted)
rPois   .          Reflect  .    (no amulet)
rElec   .          Harm     .    (no ring)
rCorr   .          Rampage  .    (no ring)
Will    .....                    (no ring)
Stlth   ++++                     (no ring)
HPRegen 0.22/turn                (no ring)
MPRegen 0.07/turn                (no ring)
                                 (no ring)
                                 (no ring)

@: no status effects
A: almost no armour, amphibious, 8 rings, camouflage 1, gelatinous body 1,
(nimble swimmer 1), tentacles
a: no special abilities


You were on level 5 of the Dungeon.
You visited 1 branch of the dungeon, and saw 1 of its levels.

You collected 12 gold pieces.

Inventory:

Hand Weapons
 a - a +0 falchion (weapon)
Wands
 f - a wand of digging (3)
Scrolls
 b - a scroll of fog
 c - a scroll of immolation {unknown}
 d - a scroll of fear
 g - a scroll of noise {unknown}
Potions
 e - a potion of haste


   Skills:
 + Level 3.0 Fighting
 + Level 2.0 Long Blades
 + Level 2.0 Dodging
 + Level 6.7 Stealth


You couldn't memorise any spells.
You didn't know any spells.
Your spell library was empty.

Dungeon Overview and Level Annotations

Branches:
Dungeon (5/15)
 Temple: D:4-7

Altars:
Nemelex Xobeh


Innate Abilities, Weirdness & Mutations

You cannot wear most types of armour.
You are amphibious.
You can wear up to eight rings at the same time.
Your skin changes colour to match your surroundings (Stealth+).
Your rubbery body absorbs attacks. (AC +1, EV +1)
((You are camouflaged when in or above water. (Stealth+)))
You have tentacles for arms and can constrict up to eight enemies at once.


Message History

Welcome, Esekla the Octopode Delver.
The Orb of Zot is coveted for many reasons.
Will you seize it for your own?
Press ? for a list of commands and other information.
Found a stone staircase leading down.
Found 12 gold pieces.
You now have 12 gold pieces.
As you read the scroll of magic mapping, it crumbles to dust.
You feel aware of your surroundings.
You sensed 1 altar.
Found a scroll labelled XOELLI QIATS.
Found a stone staircase leading up.
c - a scroll labelled XOELLI QIATS You open the door.
Found a scroll labelled LAEGON PEDGH.
An orc comes into view. It is wielding a +0 hand axe.
Found a sparkling altar of Nemelex Xobeh.
There is an open door here.
The orc shouts!
You hit the orc. You grab the orc. Your squeeze misses the orc.
The orc is heavily wounded.
You constrict the orc. The orc hits you with a +0 hand axe.
You hit the orc. You squeeze the orc.
You kill the orc!
g - a scroll labelled LAEGON PEDGH Are you sure you want to abandon this character and quit the game? (Confirm with "yes".)

*********#.,,,,#.....
#.#####.....
#......#####
*####......#,,,+
#####...#...<..#,,,#
#...⌠.⌠.#......#,,,#
#...._..#......#,,,*
#...⌠.⌠.#......#,,,*
#..@....#......#,,,*
#.......#......#,,,+
#.......#......#,,,*
#.......#......#,,,*
#...)...#......#,,,*
#.......'......#,,,,
*##+######......#,,,,
*,,,,,,,,.......#,,,,
*,,,,,,,........#,,,,


There were no monsters in sight!

Vanquished Creatures
  An orc (D:5)
1 creature vanquished.

Notes
Turn   | Place    | Note
-------+----------+-------------------------------------------
     0 | D:5      | Esekla the Octopode Delver began the quest for the Orb.
     0 | D:5      | Reached XP level 1. HP: 16/16 MP: 1/1
    46 | D:5      | Found a sparkling altar of Nemelex Xobeh.
    57 | D:5      | Quit the game

Illustrated notes

Levels and vault maps discovered:
D:5:      layout_gridville, nemelex_xobeh_ov_fountains_minmay

Action                     || total
---------------------------++-------
  Melee: Falchion          ||     2
         Constrict         ||     1
         Tentacles         ||     1
    Use: Scroll            ||     1

Table legend: (Time is in decaauts)
 A = Elapsed time spent in this place.
 B = Non-inter-level travel time spent in this place.
 C = Inter-level travel time spent in this place.
 D = Time resting spent in this place.
 E = Time spent auto-exploring this place.
 F = Levels seen in this place.
 G = Mean time per level.
                   A        B        C        D        E       F      G
               +--------+--------+--------+--------+--------+-----+--------+
         Total |     57 |     57 |      0 |      0 |      0 |   1 |   57.0 |
       Dungeon |     57 |     57 |      0 |      0 |      0 |   1 |   57.0 |
               +--------+--------+--------+--------+--------+-----+--------+

Top non-repeatable levels by time:
     D:5: 57 daAuts
